 Dungeon Crawl Stone Soup version 0.30-a0-715-gdb4ae3ece1 (webtiles) character file.

Game seed: 15503532454238824771

520 sokol815 the Carver (level 6, -2/50 HPs)
             Began as a Demigod Fighter on Jan 24, 2023.
             Hit by a boomerang thrown by an orc (4 damage)
             ... on level 4 of the Dungeon.
             The game lasted 00:10:08 (3443 turns).

sokol815 the Carver (Demigod Fighter)               Turns: 3443, Time: 00:10:09

Health: -2/50      AC:  7    Str: 15 (17) XL:     6   Next: 69%
Magic:  8/8        EV:  8    Int:  7 (10) God:
Gold:   117        SH:  5    Dex: 19 (21) Spells: 5/5 levels left

rFire   . . .      SeeInvis .    a - +0 long sword
rCold   . . .      Faith    .    c - +0 buckler
rNeg    . . .      Spirit   .    b - +0 scale mail
rPois   .          Reflect  .    (no helmet)
rElec   .          Harm     .    h - +0 cloak
rCorr   .          Rampage  .    (no gloves)
Will    .....                    (no boots) Stlth
                                 (no amulet)
HPRegen 0.28/turn                (no ring)
MPRegen 0.11/turn                (no ring)

@: no status effects
A: high MP 1, forlorn, divine attributes
a: no special abilities


You were on level 4 of the Dungeon.
You visited 1 branch of the dungeon, and saw 4 of its levels.
You also visited: Sewer.

You collected 130 gold pieces.
You spent 13 gold pieces at shops.

Inventory:

Hand Weapons
 a - a +0 long sword (weapon)
 f - a +0 dagger of venom
   (You took it off a goblin on level 1 of the Dungeon)
 k - a +2 spectral quarterstaff
   (You found it on level 3 of the Dungeon)
Armour
 b - a +0 scale mail (worn)
 c - a +0 buckler (worn)
 h - a +0 cloak (worn)
   (You found it on level 1 of the Dungeon)
Wands
 l - a wand of roots (5)
   (You found it in a sewer)
Scrolls
 g - a scroll of enchant armour {unknown}
 Y - 4 scrolls of teleportation {@r3}
Potions
 d - a potion of lignification {unknown}
 e - a potion of berserk rage {unknown}
 J - 2 potions of curing {@q1}
 L - a potion of flight
 M - 2 potions of magic
 N - 2 potions of heal wounds {@q2}


   Skills:
 - Level 2.6 Fighting
 + Level 12.3 Long Blades
 - Level 2.6 Armour
 - Level 2.6 Shields


You had 5 spell levels left.
You didn't know any spells.
Your spell library contained the following spells:

 Spells                   Type           Power      Damage    Failure   Level
 Summon Forest            Summ/Tloc      0%         N/A       100%        5
 Summon Mana Viper        Hex/Summ       0%         N/A       100%        5
 Summon Cactus Giant      Summ           0%         N/A       100%        6
 Malign Gateway           Summ/Tloc      0%         N/A       100%        7
 Summon Horrible Things   Summ           0%         N/A       100%        8


Dungeon Overview and Level Annotations

Branches:
Dungeon (4/15) Zot: 20706   Sewer (visited)
 Temple: D:4-7

Shops:
D:1 !?*[(   D:2 *

Annotations:
D:2 Sigmund


Innate Abilities, Weirdness & Mutations

You have an increased reservoir of magic. (+10% MP)
You shall have no god before yourself.
Your divine heritage dramatically boosts your attributes as you level up.


Message History

An orc comes into view. It is wielding a +0 hand axe.
You hit the ogre. You slash the ogre! You slash the ogre!
The ogre hits you with a +0 giant spiked club!!
You take 19 damage, and have 31/50 hp.
MASSIVE DAMAGE!!
You hit the ogre. You hit the ogre.
You kill the ogre!
The orc throws a boomerang.
The boomerang hits you but does no damage.
An orc and an orc priest come into view.
The orc shouts!
The orc priest shouts!
The orc hits you with a +0 trident.
There is an open door here.
You see here a +0 giant spiked club.
You take 6 damage, and have 26/50 hp.
You are too injured to fight recklessly!
You block the orc's attack.
There is an open door here.
You see here a +0 giant spiked club.
You hit the orc but do no damage. You completely miss the orc.
You barely miss the orc.
The orc hits you from afar with a +0 trident.
You take 2 damage, and have 25/50 hp.
There is a stone staircase leading up here.
You block the orc's attack.
You climb upwards.
There is a stone staircase leading down here.
You slash the orc!
You kill the orc!
The orc hits you with a +0 hand axe.
You take 5 damage, and have 22/50 hp.
You hit the orc. You slash the orc!
You kill the orc!
Things that are here:
a +0 hand axe; a +0 scale mail; an orc corpse You start resting.
Your extra speed is starting to run out.
You regained 3 hp, and now have 26/50 hp.
You start resting.
You feel yourself slow down.
You start resting.
You start to feel less resistant.
You regained 4 hp, and now have 31/50 hp.
You start resting.
Your resistance to elements expires.
You start resting.
You feel a little less clever now.
You regained 3 hp, and now have 35/50 hp.
You start resting.
Health restored: 50
There is a stone staircase leading down here.
You climb downwards.
The orc throws a boomerang.
You block the boomerang.
There is a stone staircase leading up here.
The orc throws a boomerang.
You block the boomerang.
The orc priest calls down the wrath of Beogh upon you.
Beogh smites you!
You take 15 damage, and have 35/50 hp.
MASSIVE DAMAGE!!
The orc hits you from afar with a +0 trident!
You climb upwards.
There is a stone staircase leading down here.
You take 6 damage, and have 29/50 hp.
You start resting.
Health restored: 50 You climb downwards.
The orc throws a boomerang.
The boomerang hits you but does no damage.
There is a stone staircase leading up, spattered with blood here.
The orc throws a boomerang.
The boomerang barely misses you.
The orc priest calls down the wrath of Beogh upon you.
Beogh smites you!
You take 12 damage, and have 38/50 hp.
MASSIVE DAMAGE!!
The orc closely misses you.
The orc priest begins to cast a cantrip, but forgets the words!
You hit the orc but do no damage. The orc hits you with a +0 trident.
The orc priest invokes the aid of Beogh against you.
Beogh smites you!
You take 12 damage, and have 27/50 hp.
MASSIVE DAMAGE!!
You hit the orc but do no damage. The orc barely misses you.
You barely miss the orc. The orc hits you with a +0 trident!
You take 7 damage, and have 20/50 hp.
You hit the orc but do no damage. The orc hits you with a +0 trident!
* * * LOW HITPOINT WARNING * * *
You take 6 damage, and have 14/50 hp.
The orc priest begins to cast a cantrip, but forgets the words!
The orc throws a boomerang.
The boomerang closely misses you.
The orc priest invokes the aid of Beogh against you.
Beogh smites you!
* * * LOW HITPOINT WARNING * * *
There is a stone staircase leading up, spattered with blood here.
You take 13 damage, and have 1/50 hp.
MASSIVE DAMAGE!!
The orc throws a boomerang.
The boomerang hits you.
You die...

....# ....#
....# ..o.#
....#
####o...#
#####..#....#
##@.##..)....#
#...oo..#....#
#...##..#....#
##+###>.#....#
#..#....#
#..#....#
#..#....#
####....#


You could see an orc priest and an orc.

Vanquished Creatures
  An ogre (D:4)
  Terence (D:3)
  Natasha (twice) (D:3)
  A hell rat (Sewer)
  6 adders
  3 river rats
  2 worms
  2 dart slugs
  3 orcs (D:3)
  9 endoplasms
  5 giant cockroaches
  6 goblins
  5 hobgoblins
  4 jackals (D:1)
  5 quokkas
  7 ball pythons
  6 bats
  3 frilled lizards
  3 kobolds
  6 rats
80 creatures vanquished.

Notes
Turn   | Place    | Note
-------+----------+-------------------------------------------
     0 | D:1      | sokol815 the Demigod Fighter began the quest for the Orb.
     0 | D:1      | Reached XP level 1. HP: 18/18 MP: 3/3
    17 | D:1      | Reached skill level 2 in Long Blades
   121 | D:1      | Found Wapren's Weapon Boutique.
   266 | D:1      | Reached XP level 2. HP: 25/25 MP: 4/4
   413 | D:1      | Found Lomiorgheyxo's Antique Armour Shoppe.
   550 | D:1      | Reached skill level 3 in Long Blades
   631 | D:1      | Found Nuun's General Store.
   657 | D:1      | Found Wiwki's Magic Scroll Shoppe.
   662 | D:1      | Bought a scroll of noise for 13 gold pieces
   738 | D:1      | Found Ipnoasiu's Distillery.
  1144 | D:2      | Reached XP level 3. HP: 30/30 MP: 5/5
  1254 | D:2      | Found Teec's General Store.
  1777 | D:2      | Noticed Sigmund
  1941 | D:3      | Reached skill level 4 in Long Blades
  1974 | D:3      | Reached XP level 4. HP: 30/37 MP: 6/6
  2253 | D:3      | HP: 7/37 [river rat (3)]
  2297 | D:3      | Found a glowing drain.
  2306 | Sewer    | Entered a sewer
  2428 | Sewer    | Reached skill level 5 in Long Blades
  2428 | Sewer    | Reached XP level 5. HP: 22/41 MP: 7/7
  2524 | D:3      | Reached skill level 12 in Long Blades
  2524 | D:3      | Reached XP level 6. HP: 49/49 MP: 8/8
  2726 | D:3      | Noticed Natasha
  2736 | D:3      | Killed Natasha
  2818 | D:3      | Noticed Terence
  2825 | D:3      | Killed Terence
  2887 | D:3      | Noticed Natasha
  2894 | D:3      | Killed Natasha
  3442 | D:4      | HP: 1/50 [orc priest/divine providence (13)]
  3443 | D:4      | Hit by a boomerang thrown by an orc

Illustrated notes

Levels and vault maps discovered:
D:1:      sevenhm_arrival_forest_fort_large_4, layout_basic, serial_shops,
          nicolae_shop_bloodbath_and_beyond, nicolae_shop_behind_doors,
          nicolae_shop_stone, nicolae_shop_hallway_stairs, shop_fountains
D:2:      layout_loops_ring, serial_shops, shop, uniq_sigmund
D:3:      layout_rooms, grunt_temple_overflow_open, serial_co_window_serial,
          co_window_of_opportunity_a, co_window_of_opportunity_a,
          co_window_paths_b, co_window_corner_a, co_window_of_opportunity_a,
          co_window_paths_a, co_window_corner_a, co_window_broadway_a,
          co_window_broadway_b, co_window_broadway_c, co_window_corner_cb,
          co_window_paths_c, co_window_of_opportunity_c, co_window_corner_b,
          gup_sewer_entry_spiral, uniq_natasha, uniq_terence
D:4:      layout_gridville

Skill      XL: |  1  2  3  4  5 |
---------------+----------------+-----
Long Blades    | 2 3 4 5 12 | 12.3
Fighting       | |  2.6
Armour         | |  2.6
Shields        | |  2.6

Action                     |  1- 3 |  4- 6 || total
---------------------------+-------+-------++-------
  Melee: Long sword        |   120 |   140 ||   260
  Throw: Stone             |     8 |       ||     8
    Use: Scroll            |     3 |     5 ||     8
         Potion            |       |     9 ||     9
 Armour: Scale mail        |    52 |    47 ||    99
  Dodge: Dodged            |    47 |    44 ||    91
  Block: Buckler           |    22 |    29 ||    51

Table legend: (Time is in decaauts)
 A = Elapsed time spent in this place.
 B = Non-inter-level travel time spent in this place.
 C = Inter-level travel time spent in this place.
 D = Time resting spent in this place.
 E = Time spent auto-exploring this place.
 F = Levels seen in this place.
 G = Mean time per level.
                   A        B        C        D        E       F      G
               +--------+--------+--------+--------+--------+-----+--------+
         Total |   3527 |   3446 |     81 |    330 |   2091 |   5 |  705.4 |
       Dungeon |   3292 |   3211 |     81 |    230 |   2054 |   4 |  823.0 |
         Sewer |    235 |    235 |      0 |    100 |     37 |   1 |  235.0 |
               +--------+--------+--------+--------+--------+-----+--------+

Top non-repeatable levels by time:
     D:3: 1381 daAuts
     D:1: 1123 daAuts
     D:2: 746 daAuts
   Sewer: 235 daAuts
     D:4: 40 daAuts

Table legend:
 A = Kills in this place as a percentage of kills in entire the game.
 B = Kills by you in this place as a percentage of kills by you in the entire game.
 C = Kills by friends in this place as a percentage of kills by friends in the entire game.
 D = Other kills in this place as a percentage of other kills in the entire game.
 E = Experience gained in this place as a percentage of experience gained in the entire game.
 F = Experience gained in this place divided by the number of levels of this place that you have seen.
                   A       B       C       D       E      F
               +-------+-------+-------+-------+-------+----------------------
         Total | 100.0 | 100.0 |   N/A |   N/A | 100.0 | 100.8
       Dungeon |  95.0 |  95.0 |   N/A |   N/A |  90.3 | 113.8
         Sewer |   5.0 |   5.0 |   N/A |   N/A |   9.7 |  49.0
               +-------+-------+-------+-------+-------+----------------------
